 Dungeon Crawl Stone Soup version 0.30.1-11-g7821555f0a (webtiles) character file.

Game seed: 11181078874224876560

1995919 jfcaron the Gnoll Blade (level 27, 201/201 HPs)
             Began as a Gnoll Fire Elementalist on Nov 8, 2023.
             Was the Champion of Vehumet.
             Escaped with the Orb
             ... and 4 runes on Nov 10, 2023!
             The game lasted 04:51:08 (92881 turns).

jfcaron the Gnoll Blade (Gnoll Fire Elementalist)  Turns: 92881, Time: 04:51:09

Health: 201/201    AC: 30    Str:  9    XL:     27
Magic:  45/47      EV: 22    Int: 42    God:    Vehumet [******]
Gold:   1077       SH: 26    Dex: 14    Spells: 2/66 levels left

rFire   + + .        a - staff of fire "Yggyskudd" {rPois rF+ Int+4 Stlth+}
rCold   + + .        F - +5 kite shield
rNeg    . . .        j - +2 robe {Archmagi}
rPois   +            w - +3 crown of Dyrovepreva {rElec Int+2 SInv}
rElec   +            p - +2 cloak
rCorr   +            D - +2 pair of gloves {hurl}
SInv    +            k - +2 pair of boots "Qeixt" {rF+ rC- Will+ rCorr}
Will    ++...        Z - amulet "Seuczadit" {Reflect rElec rC+ Will- Slay+2 SH+5}
Stlth   +++          r - +6 ring of intelligence
HPRegen 0.53/turn    G - ring "Vottumn" {rPois AC+7 Str+2 Int+2}
MPRegen 0.30/turn

%: reflection, archmagi
@: studying 4 skills
A: fangs 1, strong nose, distributed training, talons 1, iridescent scales 2,
cold resistance 2, deformed body, deterioration 2, frail 1
0: Orb of Zot
}: 4/15 runes: decaying, slimy, silver, gossamer
a: Renounce Religion


You escaped.
You worshipped Vehumet.
Vehumet was exalted by your worship.
You visited 12 branches of the dungeon, and saw 56 of its levels.
You visited the Abyss 1 time.

You collected 9635 gold pieces.
You spent 8558 gold pieces at shops.

Inventory:

Hand Weapons
 b - the +18 lance "Wyrmbane" {slay drac, rPois rF+ rC+ AC+3}
   (You bought it in a shop on level 1 of the Depths)

   AC:        It affects your AC (+3).
   rF:        It protects you from fire.
   rC:        It protects you from cold.
   rPois:     It protects you from poison.
 P - the +10 dagger of the King {heavy, SInv}
   (You bought it in a shop on level 1 of the Depths)

   SInv:      It lets you see invisible.
Missiles
 o - 5 javelins
 y - 7 silver javelins {!f}
 H - 4 throwing nets {!f}
 Q - a curare-tipped dart {!f}
Armour
 j - a +2 robe of the Archmagi (worn)
   (You took it off an orc sorcerer on level 4 of the Vaults)
 k - the +2 pair of boots "Qeixt" (worn) {rF+ rC- Will+ rCorr}
   (You found it on level 14 of the Dungeon)

   rF:        It protects you from fire.
   rC:        It makes you vulnerable to cold.
   rCorr:     It protects you from acid and corrosion.
   Will:      It increases your willpower.
 p - a +2 cloak (worn)
 w - the +3 crown of Dyrovepreva (worn) {rElec Int+2 SInv}
   (You found it on level 1 of the Depths)

   Int:       It affects your intelligence (+2).
   rElec:     It insulates you from electricity.
   SInv:      It lets you see invisible.
 D - a +2 pair of gloves of hurling (worn)
   (You found it on level 3 of the Crypt)
 F - a +5 kite shield (worn)
 U - a +0 tower shield of cold resistance
   (You acquired it on level 11 of the Dungeon)
Magical Staves
 a - the staff of fire "Yggyskudd" (weapon) {rPois rF+ Int+4 Stlth+}
   (You found it on level 3 of the Elven Halls)

   [staff of fire]

   Base accuracy: +5 Base damage: 5 Base attack delay: 1.2 This weapon's minimum
   attack delay (0.6) is reached at skill level 12.
   Int:       It affects your intelligence (+4).
   rF:        It protects you from fire.
   rPois:     It protects you from poison.
   Stlth:     It makes you more stealthy.
   It falls into the 'Staves' category.
   It is a one-handed weapon.
Jewellery
 n - a ring of wizardry
   (You found it on level 2 of the Dungeon)
 r - a +6 ring of intelligence (left hand)
   (You found it on level 2 of the Dungeon)
 G - the ring "Vottumn" (right hand) {rPois AC+7 Str+2 Int+2}
   (You bought it in a shop on level 3 of the Dungeon)

   [ring of protection]

   AC:        It affects your AC (+7).
   Str:       It affects your strength (+2).
   Int:       It affects your intelligence (+2).
   rPois:     It protects you from poison.
 Y - the ring "Qaor" {rF++ Will+ EV+5 Dex-2}
   (You took it off an ironbound convoker on level 1 of the Vaults)

   [ring of evasion]

   EV:        It affects your evasion (+5).
   Dex:       It affects your dexterity (-2).
   rF:        It greatly protects you from fire.
   Will:      It increases your willpower.
 Z - the amulet "Seuczadit" (around neck) {Reflect rElec rC+ Will- Slay+2 SH+5}
   (You bought it in a shop on level 2 of the Orcish Mines)

   [amulet of reflection]

   It reflects blocked missile attacks.
   Slay:      It affects your accuracy & damage with ranged weapons and melee
   (+2).
   rC:        It protects you from cold.
   rElec:     It insulates you from electricity.
   SH:        It affects your SH (+5).
   Will:      It decreases your willpower.
Wands
 B - a wand of iceblast (66)
   (You found it on level 4 of the Dungeon)
 E - a wand of light (36)
   (You found it on level 1 of the Swamp)
 K - a wand of charming (55)
   (You found it on level 8 of the Dungeon)
 O - a wand of mindburst (45)
   (You found it on level 10 of the Dungeon)
Scrolls
 d - 7 scrolls of immolation
 e - 10 scrolls of fog
 f - 5 scrolls of poison
 q - 13 scrolls of blinking
 t - 9 scrolls of fear
 z - 31 scrolls of teleportation
 A - a scroll of silence
 I - 9 scrolls of vulnerability
 N - 3 scrolls of butterflies
 R - 6 scrolls of magic mapping
 S - 5 scrolls of torment
Potions
 g - 10 potions of ambrosia
 h - 14 potions of might
 l - 9 potions of heal wounds
 m - 7 potions of flight
 s - 6 potions of resistance
 u - 12 potions of lignification
 v - 7 potions of brilliance
 x - 6 potions of invisibility
 J - 8 potions of mutation
 M - 4 potions of magic
 V - 16 potions of curing
 W - a potion of haste
Miscellaneous
 c - a phantom mirror
   (You found it on level 5 of the Lair of Beasts)
 i - a box of beasts
   (You bought it in a shop on level 13 of the Dungeon)
 C - a condenser vane
   (You bought it in a shop on level 13 of the Dungeon)
 L - a lightning rod (4/4)
   (You bought it in a shop on level 13 of the Dungeon)


   Skills:
 + Level 19.9 Fighting
 + Level 19.9 Short Blades
 + Level 22.3 Long Blades
 + Level 19.9 Axes
 + Level 19.9 Maces & Flails
 + Level 19.9 Polearms
 + Level 19.9 Staves
 + Level 21.8 Ranged Weapons
 + Level 19.9 Throwing
 + Level 19.9 Armour
 + Level 20.3 Dodging
 + Level 20.2 Stealth
 + Level 22.2 Shields
 + Level 21.8 Unarmed Combat
 + Level 20.4 Spellcasting
 + Level 17.1 Conjurations
 + Level 17.0 Hexes
 + Level 17.0 Summonings
 + Level 17.0 Necromancy
 + Level 17.0 Translocations
 + Level 17.0 Transmutations
 + Level 17.7 Fire Magic
 + Level 17.0 Ice Magic
 + Level 17.0 Air Magic
 + Level 17.0 Earth Magic
 + Level 17.0 Poison Magic
 + Level 21.4 Invocations
 + Level 19.9 Evocations


You had 2 spell levels left.
You knew the following spells:

 Your Spells              Type           Power      Damage    Failure   Level
a - Ignition              Fire           81%        3d21      1%          8
b - Iron Shot             Conj/Erth      67%        9d12      1%          6
c - Orb of Destruction    Conj           68%        9d16      1%          7
d - Blink                 Tloc           100%       N/A       0%          2
e - Flame Wave            Conj/Fire      100%       2d21      0%          4
f - Dispel Undead         Necr           100%       3d31      0%          4
g - Freezing Cloud        Conj/Ice/Air   67%        6-21      0%          5
h - Plasma Beam           Fire/Air       81%        2x1d108   1%          6
i - Arcjolt               Conj/Air       67%        1d77      0%          5
j - Fire Storm            Conj/Fire      81%        8d20      16%         9
k - Necromutation         Tmut/Necr      67%        N/A       4%          8

Your spell library contained the following spells:

 Spells                   Type           Power      Damage    Failure   Level
 Chain Lightning          Conj/Air       67%        3d90      17%         9
 Beastly Appendage        Tmut           100%       N/A       0%          1
 Foxfire                  Conj/Fire      100%       2x1d9     0%          1
 Kiss of Death            Conj/Necr      100%       2d13      0%          1
 Magic Dart               Conj           100%       1d8       0%          1
 Sandblast                Erth           100%       2d20      0%          1
 Shock                    Conj/Air       100%       1d9       0%          1
 Slow                     Hex            100%       N/A       0%          1
 Summon Small Mammal      Summ           100%       N/A       0%          1
 Call Imp                 Summ           100%       N/A       0%          2
 Cigotuvi's Dreadful Rot  Necr/Pois/Air  100%       N/A       0%          2
 Ensorcelled Hibernation  Hex/Ice        100%       N/A       0%          2
 Lesser Beckoning         Tloc           100%       N/A       0%          2
 Momentum Strike          Conj/Tloc      100%       3d10      0%          2
 Passwall                 Tmut/Erth      100%       N/A       0%          2
 Poisonous Vapours        Pois/Air       100%       N/A       0%          2
 Scorch                   Fire           100%       2d9       0%          2
 Searing Ray              Conj           100%       2d8       0%          2
 Sublimation of Blood     Necr           100%       N/A       0%          2
 Wereblood                Tmut           100%       N/A       0%          2
 Confusing Touch          Hex            100%       N/A       0%          3
 Gell's Gravitas          Tloc           100%       N/A       0%          3
 Ignite Poison            Fire/Tmut/Pois 100%       N/A       0%          3
 Inner Flame              Hex/Fire       100%       N/A       0%          3
 Mephitic Cloud           Conj/Pois/Air  100%       N/A       0%          3
 Ozocubu's Armour         Ice            100%       N/A       0%          3
 Spider Form              Tmut/Pois      100%       N/A       0%          3
 Stone Arrow              Conj/Erth      100%       3d13      0%          3
 Summon Guardian Golem    Hex/Summ       100%       N/A       0%          3
 Swiftness                Air            100%       N/A       0%          3
 Teleport Other           Tloc           100%       N/A       0%          3
 Tukima's Dance           Hex            100%       N/A       0%          3
 Vampiric Draining        Necr           100%       2d13      0%          3
 Vhi's Electric Charge    Tloc/Air       100%       N/A       0%          3
 Volatile Blastmotes      Fire/Tloc      100%       2d18      0%          3
 Airstrike                Air            67%        2d(10-26) 0%          4
 Anguish                  Hex/Necr       67%        N/A       0%          4
 Animate Armour           Summ/Erth      100%       N/A       0%          4
 Cause Fear               Hex            67%        N/A       0%          4
 Fulminant Prism          Conj/Hex       67%        3d28      0%          4
 Iskenderun's Mystic Bla  Conj/Tloc      100%       2d19      0%          4
 Leda's Liquefaction      Hex/Erth       67%        N/A       0%          4
 Manifold Assault         Tloc           100%       N/A       0%          4
 Passage of Golubria      Tloc           100%       N/A       0%          4
 Petrify                  Tmut/Erth      100%       N/A       0%          4
 Sticky Flame             Conj/Fire      100%       2d11      0%          4
 Summon Ice Beast         Ice/Summ       100%       N/A       0%          4
 Summon Lightning Spire   Summ/Air       100%       N/A       0%          4
 Fireball                 Conj/Fire      81%        3d30      0%          5
 Irradiate                Conj/Tmut      67%        3d34      0%          5
 Iskenderun's Battlesphe  Conj           100%       2d15      0%          5
 Lee's Rapid Deconstruct  Erth           67%        3d31*     0%          5
 Yara's Violent Unravell  Hex/Tmut       67%        3d25      0%          5
 Alistair's Intoxication  Tmut/Pois      90%        N/A       1%          5
 Blade Hands              Tmut           67%        N/A       1%          5
 Borgnjor's Vile Clutch   Necr/Erth      67%        N/A       1%          5
 Metabolic Englaciation   Hex/Ice        67%        N/A       1%          5
 Summon Forest            Summ/Tloc      67%        N/A       1%          5
 Summon Mana Viper        Hex/Summ       100%       N/A       1%          5
 Conjure Ball Lightning   Conj/Air       67%        3x3d25    1%          6
 Death Channel            Necr           67%        N/A       1%          6
 Dispersal                Tloc           67%        N/A       1%          6
 Eringya's Noxious Bog    Tmut/Pois      67%        N/A       1%          6
 Simulacrum               Ice/Necr       67%        N/A       1%          6
 Starburst                Conj/Fire      81%        6d21      1%          6
 Statue Form              Tmut/Erth      90%        N/A       1%          6
 Summon Cactus Giant      Summ           67%        N/A       1%          6
 Enfeeble                 Hex            67%        N/A       1%          7
 Haunt                    Necr/Summ      67%        N/A       1%          7
 Ozocubu's Refrigeration  Ice            67%        4d22      1%          7
 Spellforged Servitor     Conj/Summ      67%        N/A       1%          7
 Storm Form               Tmut/Air       67%        N/A       1%          7
 Summon Hydra             Summ           67%        N/A       1%          7
 Borgnjor's Revivificati  Necr           67%        N/A       4%          8
 Discord                  Hex            67%        N/A       4%          8
 Disjunction              Tloc           67%        N/A       4%          8
 Infestation              Necr           67%        N/A       4%          8
 Polar Vortex             Ice            67%        N/A       17%         9
 Death's Door             Necr           67%        N/A       56%         9


Dungeon Overview and Level Annotations

Branches:
Dungeon (15/15)            Temple (1/1) D:6            Lair (5/5) D:8
  Swamp (4/4) Lair:2       Spider (4/4) Lair:3        Slime (5/5) Lair:5
    Orc (2/2) D:11            Elf (3/3) Orc:2        Vaults (5/5) D:13
  Crypt (3/3) Vaults:2       Tomb (0/3) Crypt:3      Depths (4/4) D:15
    Zot (5/5) Depths:4

Altars:
Ashenzari
Cheibriados
Dithmenos
Elyvilon
Fedhas
Gozag
Hepliaklqana
Kikubaaqudgha
Makhleb
Nemelex Xobeh
Okawaru
Qazlal
Ru
Sif Muna
Trog
Uskayaw
Vehumet
Wu Jian
Xom
Yredelemnul
Zin
The Shining One
Jiyva

Shops:
D:3 =   D:13 *(   D:14 [   D:15 (   Orc:2 *[=*   Depths:1 (?*(

Portals:
Hell: Depths:1 Depths:2 Depths:3 Depths:4
Abyss: Depths:3
Pandemonium: Depths:1 Depths:2 Depths:4
Ziggurat: Depths:2

Annotations:
Zot:1 2 transporters, hawkwood's ghost, veteran MiAr
Zot:2 3 runed translucent doors, Hicanoach's ghost, master DsGl
Zot:4 2 transporters, Udocaklomo's ghost, legendary SpHu


Innate Abilities, Weirdness & Mutations

You have very sharp teeth.
Your uncanny sense of smell can sniff out nearby items.
Your experience applies equally to all skills.
You have sharp toenails.
You are mostly covered in iridescent scales. (AC +4)
Your flesh is very cold resistant. (rC++)
Armour fits poorly on your strangely shaped body.
Your body often deteriorates upon taking damage.
You are frail. (-10% HP)


Message History

Your Summonings skill increases to level 17!
Your Necromancy skill increases to level 17!
Your Translocations skill increases to level 17!
Your Transmutations skill increases to level 17!
Your Ice Magic skill increases to level 17!
Your Air Magic skill increases to level 17!
Your Earth Magic skill increases to level 17!
Your Poison Magic skill increases to level 17!
(D) Dungeon (T) Temple (L) Lair (S) Swamp (N) Spider Nest (M) Slime Pits (O) Orcish Mines (E) Elven Halls (V) Vaults (C) Crypt (W) Tomb (U) Depths (H) Hell (Z) Zot
Where to? (Enter - D:1 @ (x,y), ? - help)
There is a stone staircase leading up here.
You climb upwards.
There is a stone staircase leading down here.
Magic restored.
There is a stone staircase leading up here.
You climb upwards.
There is a stone staircase leading down here.
There is a stone staircase leading up here.
You climb upwards.
There is a stone staircase leading down here.
There is a stone staircase leading up here.
You climb upwards.
Magic restored.
There is a stone staircase leading down here.
There is a fountain of clear blue water here.
A hellion comes into view.
You feel a surge of power!
The iron shot hits the hellion!!!
You kill the hellion!
Vehumet accepts your kill.
You feel your power returning.
(D) Dungeon (T) Temple (L) Lair (S) Swamp (N) Spider Nest (M) Slime Pits (O) Orcish Mines (E) Elven Halls (V) Vaults (C) Crypt (W) Tomb (U) Depths (H) Hell (Z) Zot
Where to? (Enter - D:1 @ (x,y), ? - help)
There is a dry fountain here.
There is a staircase leading out of the dungeon here.
You have escaped!

...........................# #
..............#............## #
............................# #
................####........# #
.###............####........# #
.# #................###..)..# #
.###########..#####..##.†...# #
........###..##.>.##..#..†..#####
......†.'...##..@..##.'.....'....
........#####.......###.....#####
...##...# ##..⌠...⌠..###...## #
...##...###...........###### #
...#######.⌠....⌠....⌠.## # ####
##...............## # ...#
##..⌠...⌠...⌠...⌠..## # ...#
##...................## #
...###......⌠.......⌠......# ####


There were no monsters in sight!

Vanquished Creatures
  the Royal Jelly (Slime:5)
  3 dread liches
  5 ancient liches
  7 orbs of fire
  Mara (Swamp:4)
  A juggernaut (Depths:4)
  Josephina (Depths:2)
  Frederick (Vaults:2)
  Margery (Vaults:5)
  3 Killer Klowns (Zot:5)
  5 curse toes
  The ghost of Ugguttuj the Peltast, a veteran DrWn of Okawaru (Vaults:3)
  The ghost of mantisjm the Hoplite, a veteran HOFi of Qazlal (Vaults:3)
  6 golden dragons
  A Brimstone Fiend (D:11)
  3 doom hounds (Depths:3)
  2 Tzitzimimeh
  17 tentacled monstrosities
  6 electric golems
  An Ice Fiend (Depths:2)
  6 titans (Vaults:5)
  Grunn (Depths:3)
  29 Orb Guardians
  The ghost of KittyFluff the Tortoise, an adept GrBe of Trog (Vaults:1)
  Asterion (Spider:1)
  6 deep elf blademasters
  2 liches
  2 deep elf master archers (Elf:3)
  6 ancient champions
  A quicksilver dragon (shapeshifter) (Vaults:5)
  18 acid blobs
  7 quicksilver dragons
  7 sphinxes
  Frances (Elf:1)
  8 tengu reavers
  12 death cobs
  17 storm dragons
  11 shadow dragons
  5 draconian monks
  2 fenstrider witches
  A fenstrider witch (shapeshifter) (Vaults:5)
  A revenant (Crypt:1)
  15 azure jellies
  8 fire giants
  10 deep elf sorcerers
  5 rockslimes (Slime:5)
  4 draconian scorchers
  6 frost giants
  6 draconian knights
  2 emperor scorpions (Spider:4)
  2 balrugs
  9 ghouls
  A juggernaut zombie (Crypt:2)
  A curse skull (Crypt:3)
  22 vault wardens
  5 draconian stormcallers
  4 ghost moths
  2 deep elf elementalists (Elf:3)
  A ghost moth (shapeshifter) (Vaults:5)
  6 draconian annihilators
  23 ironbound preservers
  2 orc warlords (Vaults:3)
  8 draconian shifters
  3 war gargoyles
  10 stone giants
  A caustic shrike skeleton (Crypt:1)
  6 quicksilver oozes
  7 broodmothers
  6 ironbound thunderhulks
  4 eleionomae
  35 very ugly things
  11 black draconians
  4 vampire knights
  10 deep elf annihilators
  5 deep elf demonologists
  14 green draconians
  A rockslime zombie (Crypt:1)
  12 dire elephants
  3 spark wasps
  7 purple draconians
  13 yellow draconians
  9 white draconians
  3 bunyips
  15 red draconians
  2 blizzard demons
  2 eidola (Crypt:1)
  2 mummy priests
  A merfolk javelineer (Depths:4)
  A quicksilver dragon zombie (Crypt:2)
  An entropy weaver (shapeshifter) (D:14)
  10 deep elf death magi
  A green death (Depths:4)
  10 ettins
  2 entropy weavers
  7 crystal guardians
  5 jiangshi
  17 fire dragons
  24 hydras
  2 shambling mangroves (Swamp:4)
  10 great orbs of eyes
  3 rakshasas
  23 yaktaur captains
  5 ice dragons
  Harold (D:9)
  A caustic shrike simulacrum (Depths:2)
  6 deep elf high priests
  38 vault guards
  A ghost crab (Swamp:2)
  4 peacekeepers
  2 jorogumos (Spider:1)
  A juggernaut simulacrum (Depths:2)
  7 ogre magi
  4 boulder beetles
  5 ironbound frosthearts
  A boulder beetle (shapeshifter) (D:14)
  A radroach (shapeshifter) (Vaults:3)
  10 alligators
  Erica (Orc:1)
  11 centaur warriors
  A death knight (Crypt:3)
  3 spriggan air magi
  2 radroaches (Spider:4)
  28 two-headed ogres
  An Orb Guardian skeleton (Crypt:1)
  31 dancing weapons
  4 tengu warriors
  7 deep troll earth magi
  8 deep troll shamans
  6 spriggan berserkers
  7 vampire magi
  An orc high priest (Elf:2)
  19 hell knights
  4 soul eaters
  4 sun demons
  3 shadow wraiths
  14 deep elf knights
  9 pharaoh ants
  A titan skeleton (Crypt:1)
  A skyshark (Lair:4)
  A sun moth (Spider:2)
  27 skeletal warriors
  7 iron trolls
  5 sixfirhies
  A fire crab (Swamp:4)
  5 goliath frogs
  A fire crab (shapeshifter) (Elf:1)
  6 glowing orange brains
  8 swamp dragons
  12 orb spiders
  A spark wasp zombie (Crypt:2)
  58 deep trolls
  2 spriggan druids
  A shadow demon (Depths:3)
  2 spectral wolf spiders (D:13)
  6 deep elf archers
  3 orange crystal statues
  9 steelbarb worms
  2 spriggan simulacra (Depths:2)
  10 phantasmal warriors
  12 orc knights
  Pikel (D:6)
  9 necromancers
  4 flayed ghosts
  13 deep elf zephyrmancers
  20 ironbound convokers
  14 lindwurms
  2 wolf spider zombies (D:13)
  A shadow dragon skeleton (Crypt:2)
  8 wizards
  26 wolf spiders
  7 bog bodies
  A spectral ice dragon (D:13)
  6 will-o-the-wisps
  A cyclops (shapeshifter) (Vaults:1)
  4 orc sorcerers
  8 cyclopes
  57 moths of wrath
  17 deep elf pyromancers
  42 ugly things
  2 manticores
  A salamander (shapeshifter) (Vaults:4)
  4 shining eyes
  17 elephants
  3 centaur zombies
  2 spectral centaurs (D:13)
  A frost giant skeleton (Vaults:2)
  3 rust devils (Depths:3)
  10 black mambas
  A guardian serpent (Lair:5)
  A stone giant skeleton (Crypt:2)
  24 vault sentinels
  An eye of devastation (Slime:3)
  6 demonic crawlers
  3 smoke demons
  5 torpor snails
  29 cane toads
  4 orange demons
  40 yaktaurs
  5 rime drakes
  An unseen horror zombie (Crypt:2)
  3 centaur skeletons (D:13)
  6 komodo dragons
  2 gargoyles
  13 freezing wraiths
  A hellion (D:1)
  A kobold demonologist (D:10)
  An unseen horror skeleton (Crypt:3)
  2 tengu conjurers
  A tormentor (Depths:4)
  9 guardian mummies (Crypt:3)
  An ice devil (Depths:4)
  2 red devils (Depths:3)
  11 trolls
  A yaktaur skeleton (Vaults:2)
  5 human skeletons (Vaults:2)
  A queen bee (shapeshifter) (D:14)
  A yellow draconian skeleton (Crypt:2)
  An elf skeleton (Vaults:2)
  A polar bear (Lair:5)
  A death drake zombie (Crypt:2)
  A wind drake (shapeshifter) (Depths:4)
  25 tarantellas
  16 hornets
  A raiju (shapeshifter) (D:14)
  10 tyrant leeches
  A wolf spider simulacrum (D:13)
  4 hellwings
  A meliai (Spider:4)
  2 bloated husks
  A satyr zombie (Crypt:3)
  A harpy skeleton (Crypt:3)
  5 dream sheep (Lair:5)
  11 blink frogs
  A great orb of eyes zombie (Crypt:1)
  Sigmund (D:2)
  A culicivora (shapeshifter) (D:15)
  5 air elementals
  A shadow (D:10)
  A meliai zombie (D:13)
  22 culicivoras
  42 jumping spiders
  A centaur simulacrum (D:13)
  57 yaks
  2 ettin skeletons (Vaults:2)
  6 flying skulls
  7 wraiths
  A ynoxinul (Depths:3)
  13 spriggans
  16 wyverns
  46 slime creatures
  2 vampires
  A fire elemental (Elf:3)
  5 basilisks
  3 water elementals
  17 golden eyes
  2 redbacks (shapeshifter)
  2 chaos spawn (Depths:3)
  42 redbacks
  10 steam dragons
  3 neqoxecs
  5 vampire mosquitoes
  15 swamp worms
  3 wargs
  A naga (shapeshifter) (Vaults:3)
  18 water moccasins
  A water moccasin (shapeshifter) (D:15)
  4 acid dragons
  8 hell hounds
  10 swamp drakes
  A glowing shapeshifter skeleton (Vaults:2)
  A faun skeleton (Crypt:2)
  4 ice beasts
  3 sky beasts
  21 orc warriors
  A black bear (shapeshifter) (D:14)
  An ettin simulacrum (Depths:2)
  2 black bears
  An ice dragon simulacrum (D:13)
  24 ogres
  An elephant zombie (Crypt:3)
  5 boggarts (D:14)
  9 wolves
  18 centaurs
  A phantom (D:6)
  3 lemures
  3 kobold brigands
  3 gnoll sergeants
  5 necrophages
  A komodo dragon skeleton (Crypt:1)
  18 bullfrogs
  2 deep troll simulacra (D:13)
  4 scorpions
  An earth elemental (Elf:3)
  13 wights
  A wyvern skeleton (Crypt:1)
  A water moccasin skeleton (Crypt:3)
  12 killer bees (D:10)
  A yak skeleton (Crypt:1)
  An electric eel (Lair:4)
  3 howler monkeys
  A lava snake (Swamp:4)
  Crazy Yiuf (D:7)
  A gnoll bouda (D:6)
  5 hounds
  14 orc priests
  6 jellies
  21 orc wizards
  2 sleepcaps
  Natasha (thrice) (D:2 D:1)
  5 iguanas
  A boggart zombie (D:13)
  3 hell rats (Lair:4)
  5 adders
  16 gnolls
  A howler monkey skeleton (Crypt:2)
  A steam dragon skeleton (Crypt:1)
  3 white imps
  2 ufetubi
  A lava snake zombie (Crypt:3)
  2 worms
  3 dart slugs
  69 orcs
  9 ball pythons
  4 bats (D:1)
  A bat skeleton (Crypt:3)
  7 endoplasms
  5 giant cockroaches
  4 goblins
  8 hobgoblins
  7 jackals (D:1)
  A quokka (D:1)
  4 frilled lizards
  A gnoll zombie (Crypt:1)
  16 kobolds
  7 rats
  A river rat zombie (Crypt:1)
  4 fire vortices
  1284 foxfires
  A spectral weapon (Spider:1)
3705 creatures vanquished.

Notes
Turn   | Place    | Note
-------+----------+-------------------------------------------
     0 | D:1      | jfcaron the Gnoll Fire Elementalist began the quest for the
                  | Orb.
     0 | D:1      | Reached XP level 1. HP: 13/13 MP: 6/6
   188 | D:1      | Reached XP level 2. HP: 19/19 MP: 4/7
   191 | D:1      | Learned a level 2 spell: Scorch
   425 | D:1      | Reached skill level 5 in Spellcasting
   425 | D:1      | Reached XP level 3. HP: 25/25 MP: 6/9
   572 | D:1      | Reached skill level 1 in Invocations
   950 | D:2      | Noticed Sigmund
   958 | D:2      | Killed Sigmund
   959 | D:2      | Reached skill level 1 in Fighting
   959 | D:2      | Reached skill level 1 in Short Blades
   959 | D:2      | Reached skill level 1 in Long Blades
   959 | D:2      | Reached skill level 1 in Axes
   959 | D:2      | Reached skill level 1 in Maces & Flails
   959 | D:2      | Reached skill level 1 in Polearms
   959 | D:2      | Reached skill level 1 in Staves
   959 | D:2      | Reached skill level 1 in Ranged Weapons
   959 | D:2      | Reached skill level 1 in Throwing
   959 | D:2      | Reached skill level 1 in Armour
   959 | D:2      | Reached skill level 1 in Shields
   959 | D:2      | Reached skill level 1 in Unarmed Combat
   959 | D:2      | Reached skill level 1 in Hexes
   959 | D:2      | Reached skill level 1 in Summonings
   959 | D:2      | Reached skill level 1 in Necromancy
   959 | D:2      | Reached skill level 1 in Translocations
   959 | D:2      | Reached skill level 1 in Transmutations
   959 | D:2      | Reached skill level 1 in Ice Magic
   959 | D:2      | Reached skill level 1 in Air Magic
   959 | D:2      | Reached skill level 1 in Earth Magic
   959 | D:2      | Reached skill level 1 in Poison Magic
   959 | D:2      | Reached skill level 1 in Evocations
   959 | D:2      | Reached XP level 4. HP: 33/33 MP: 4/11
   959 | D:2      | Reached XP level 5. HP: 38/38 MP: 4/12
  1053 | D:2      | Noticed Natasha
  1066 | D:2      | Killed Natasha
  1067 | D:2      | Reached XP level 6. HP: 35/44 MP: 9/14
  1219 | D:2      | Noticed Natasha
  1223 | D:2      | Killed Natasha
  1224 | D:2      | Reached skill level 5 in Dodging
  1240 | D:1      | Learned a level 3 spell: Volatile Blastmotes
  1244 | D:1      | Learned a level 3 spell: Confusing Touch
  1307 | D:2      | Noticed Natasha
  1325 | D:1      | Killed Natasha
  1425 | D:2      | Learned a level 4 spell: Flame Wave
  1812 | D:3      | Found Junwijyfo's One-of-a-Kind Rings.
  1948 | D:3      | Found a faded altar of an unknown god.
  2529 | D:4      | Reached XP level 7. HP: 50/50 MP: 12/15
  3131 | D:4      | Reached skill level 5 in Stealth
  3712 | D:5      | Entered Level 5 of the Dungeon
  3856 | D:5      | Reached XP level 8. HP: 41/58 MP: 5/16
  4942 | D:6      | Reached XP level 9. HP: 65/65 MP: 3/18
  4950 | D:6      | Learned a level 4 spell: Dispel Undead
  5334 | D:6      | Found a hazy altar of Hepliaklqana.
  5335 | D:6      | Found a hide-covered altar of Uskayaw.
  5375 | D:6      | Found a staircase to the Ecumenical Temple.
  5391 | Temple   | Entered the Ecumenical Temple
  5808 | Temple   | Became a worshipper of Vehumet
  6402 | D:7      | Noticed Pikel
  6411 | D:6      | Killed Pikel
  6605 | D:7      | Reached skill level 5 in Invocations
  6703 | D:7      | Noticed a manticore
  6823 | D:7      | Killed a manticore
  7360 | D:7      | Found a runed translucent door.
  7361 | D:7      | Noticed Crazy Yiuf
  7774 | D:7      | Killed Crazy Yiuf
  7892 | D:7      | Reached skill level 5 in Fighting
  7892 | D:7      | Reached skill level 5 in Short Blades
  7892 | D:7      | Reached skill level 5 in Long Blades
  7892 | D:7      | Reached skill level 5 in Axes
  7892 | D:7      | Reached skill level 5 in Maces & Flails
  7892 | D:7      | Reached skill level 5 in Polearms
  7892 | D:7      | Reached skill level 5 in Staves
  7892 | D:7      | Reached skill level 5 in Ranged Weapons
  7892 | D:7      | Reached skill level 5 in Throwing
  7892 | D:7      | Reached skill level 5 in Armour
  7892 | D:7      | Reached skill level 5 in Shields
  7892 | D:7      | Reached skill level 5 in Unarmed Combat
  7892 | D:7      | Reached skill level 5 in Evocations
  7892 | D:7      | Reached XP level 10. HP: 74/74 MP: 9/20
  8096 | D:8      | Found a staircase to the Lair.
  8201 | D:8      | Learned a level 5 spell: Freezing Cloud
  8597 | D:8      | Reached * piety under Vehumet
  8597 | D:8      | Offered knowledge of Sandblast by Vehumet.
  8797 | D:8      | Noticed a cyclops
  8800 | D:8      | Killed a cyclops
  8801 | D:8      | Reached skill level 5 in Conjurations
  9756 | Lair:1   | Entered Level 1 of the Lair of Beasts
  9946 | Lair:1   | Noticed a cane toad
  9952 | Lair:1   | Killed a cane toad
  9998 | Lair:1   | Noticed a cane toad
 10019 | Lair:1   | Killed a cane toad
 10020 | Lair:1   | Reached skill level 5 in Hexes
 10020 | Lair:1   | Reached skill level 5 in Summonings
 10020 | Lair:1   | Reached skill level 5 in Necromancy
 10020 | Lair:1   | Reached skill level 5 in Translocations
 10020 | Lair:1   | Reached skill level 5 in Transmutations
 10020 | Lair:1   | Reached skill level 5 in Ice Magic
 10020 | Lair:1   | Reached skill level 5 in Air Magic
 10020 | Lair:1   | Reached skill level 5 in Earth Magic
 10020 | Lair:1   | Reached skill level 5 in Poison Magic
 10020 | Lair:1   | Reached XP level 11. HP: 64/81 MP: 8/22
 10408 | Lair:1   | Offered knowledge of Momentum Strike by Vehumet.
 11250 | Lair:2   | Reached ** piety under Vehumet
 12221 | Lair:2   | Reached XP level 12. HP: 61/91 MP: 2/24
 12518 | Lair:2   | Found a staircase to the Swamp.
 12749 | Lair:3   | Found a hole to the Spider Nest.
 12759 | Lair:2   | Offered knowledge of Ignite Poison by Vehumet.
 12811 | Lair:2   | Learned a level 6 spell: Plasma Beam
 12865 | Lair:2   | HP: 12/87 [jumping spider (13)]
 13400 | Lair:3   | Reached *** piety under Vehumet
 13674 | Lair:3   | HP: 17/91 [black mamba (15)]
 13943 | Lair:3   | Reached XP level 13. HP: 98/98 MP: 26/26
 13944 | Lair:3   | Reached skill level 10 in Spellcasting
 13944 | Lair:3   | Reached XP level 14. HP: 106/106 MP: 26/28
 14307 | Lair:3   | Reached skill level 10 in Dodging
 14466 | Lair:4   | Offered knowledge of Airstrike by Vehumet.
 14606 | Lair:4   | Reached skill level 10 in Stealth
 15164 | Lair:4   | Reached skill level 10 in Invocations
 15405 | Lair:4   | Reached **** piety under Vehumet
 15408 | Lair:4   | Offered knowledge of Arcjolt by Vehumet.
 15465 | Lair:4   | Reached XP level 15. HP: 94/113 MP: 18/29
 15521 | Lair:4   | Learned a level 5 spell: Arcjolt
 16139 | Lair:5   | Entered Level 5 of the Lair of Beasts
 16505 | Lair:5   | Reached ***** piety under Vehumet
 16564 | Lair:5   | Offered knowledge of Orb of Destruction by Vehumet.
 16610 | Lair:5   | Learned a level 7 spell: Orb of Destruction
 17638 | Lair:5   | Reached skill level 10 in Fire Magic
 17877 | Lair:5   | Reached skill level 10 in Fighting
 17877 | Lair:5   | Reached skill level 10 in Short Blades
 17877 | Lair:5   | Reached skill level 10 in Long Blades
 17877 | Lair:5   | Reached skill level 10 in Axes
 17877 | Lair:5   | Reached skill level 10 in Maces & Flails
 17877 | Lair:5   | Reached skill level 10 in Polearms
 17877 | Lair:5   | Reached skill level 10 in Staves
 17877 | Lair:5   | Reached skill level 10 in Ranged Weapons
 17877 | Lair:5   | Reached skill level 10 in Throwing
 17877 | Lair:5   | Reached skill level 10 in Armour
 17877 | Lair:5   | Reached skill level 10 in Shields
 17877 | Lair:5   | Reached skill level 10 in Unarmed Combat
 17877 | Lair:5   | Reached skill level 10 in Evocations
 18284 | Lair:5   | Identified the amulet "Luir" {RegenMP Dex+5}
 18869 | Lair:5   | Found a viscous altar of Jiyva.
 18869 | Lair:5   | Found a staircase to the Slime Pits.
 19513 | D:9      | Noticed Harold
 19522 | D:9      | Killed Harold
 19750 | D:3      | Bought the ring "Vottumn" {rPois AC+7 Str+2 Int+2} for 1400
                  | gold pieces
 20559 | D:10     | Entered Level 10 of the Dungeon
 21909 | D:11     | Found a staircase to the Orcish Mines.
 22051 | D:11     | Identified a scroll of acquirement
 22055 | D:11     | Identified the +1 robe "Penimic" {rCorr SInv}
 22057 | D:11     | Acquired a +0 tower shield of cold resistance
 22677 | Orc:1    | Entered Level 1 of the Orcish Mines
 22687 | Orc:1    | Reached XP level 16. HP: 123/123 MP: 31/31
 22714 | Orc:1    | Noticed Erica
 22717 | Orc:1    | Killed Erica
 22721 | Orc:1    | Reached ****** piety under Vehumet
 22721 | Orc:1    | Offered knowledge of Irradiate by Vehumet.
 22967 | Orc:2    | Entered Level 2 of the Orcish Mines
 23342 | Orc:2    | Found a staircase to the Elven Halls.
 23405 | Orc:2    | Found Fusm's Assorted Antiques.
 23459 | Orc:2    | Found Akludd's Antique Armour Emporium.
 23468 | Orc:2    | Found Lucil's Jewellery Boutique.
 23530 | Orc:2    | Bought a scroll labelled VONUNU VAUMM for 28 gold pieces
 23530 | Orc:2    | Bought a scroll of identify for 56 gold pieces
 23540 | Orc:2    | Found Reray's General Store.
 24159 | Orc:2    | Bought an ominously black robe for 131 gold pieces
 24159 | Orc:2    | Identified the +2 robe of Ashenzari's Favour {Rampage
                  | Str+2} (You bought it in a shop on level 2 of the Orcish
                  | Mines)
 24161 | Orc:2    | Bought a runed robe for 85 gold pieces
 24176 | Orc:2    | Bought a pair of glowing boots for 172 gold pieces
 24297 | D:12     | Offered knowledge of Iron Shot by Vehumet.
 24315 | D:12     | Learned a level 6 spell: Iron Shot
 24811 | D:13     | Found a gate to the Vaults.
 24967 | D:13     | Found Hoeriuss's Weapon Emporium.
 25309 | D:13     | Found Veqacyur's Gadget Gallery.
 25454 | D:13     | Offered knowledge of Spellforged Servitor by Vehumet.
 25475 | D:13     | Reached XP level 17. HP: 50/131 MP: 18/33
 25489 | D:13     | HP: 20/131 [skeletal warrior/+0 war axe (12)]
 25855 | D:13     | Found an ancient bone altar of Kikubaaqudgha.
 25878 | D:13     | Got Dierakh's Teachings on Flamy Transition
 26129 | D:13     | Learned a level 2 spell: Blink
 26538 | D:14     | Reached skill level 10 in Conjurations
 26873 | D:14     | Identified the +2 pair of boots "Qeixt" {rF+ rC- Will+
                  | rCorr}
 26972 | D:14     | Found Amisimn's Antique Armour Emporium.
 27095 | D:14     | Bought a helmet for 85 gold pieces
 27307 | D:15     | Entered Level 15 of the Dungeon
 27331 | D:15     | Offered knowledge of Spellforged Servitor by Vehumet.
 27535 | D:15     | Found Daxtadidda's Weapon Shop.
 27677 | D:15     | Found a broken altar of Ashenzari.
 28081 | D:15     | Found a staircase to the Depths.
 28534 | Spider:1 | Entered Level 1 of the Spider Nest
 28534 | Spider:1 | Noticed Asterion
 28557 | Swamp:1  | Entered Level 1 of the Swamp
 28624 | Swamp:1  | Reached skill level 10 in Hexes
 28624 | Swamp:1  | Reached skill level 10 in Summonings
 28624 | Swamp:1  | Reached skill level 10 in Necromancy
 28624 | Swamp:1  | Reached skill level 10 in Translocations
 28624 | Swamp:1  | Reached skill level 10 in Transmutations
 28624 | Swamp:1  | Reached skill level 10 in Ice Magic
 28624 | Swamp:1  | Reached skill level 10 in Air Magic
 28624 | Swamp:1  | Reached skill level 10 in Earth Magic
 28624 | Swamp:1  | Reached skill level 10 in Poison Magic
 29889 | Swamp:2  | You fall into a shaft and drop 1 floor!
 30687 | Orc:2    | Bought the amulet "Seuczadit" {Reflect rElec rC+ Will-
                  | Slay+2 SH+5} for 717 gold pieces
 31066 | Swamp:2  | Offered knowledge of Irradiate by Vehumet.
 31088 | Swamp:2  | Reached XP level 18. HP: 126/140 MP: 11/35
 32346 | Swamp:3  | Identified the +1 leather armour of the Last Gods {Harm
                  | Str+3}
 32563 | Swamp:4  | Entered Level 4 of the Swamp
 32700 | Swamp:4  | Noticed Mara
 32955 | Swamp:4  | Killed Mara
 33127 | Swamp:4  | HP: 26/141 [eight-headed hydra (12)]
 33967 | Swamp:4  | Offered knowledge of Maxwell's Capacitive Coupling by
                  | Vehumet.
 33986 | Swamp:4  | Got a decaying rune of Zot
 35056 | Elf:1    | Entered Level 1 of the Elven Halls
 35060 | Elf:1    | Paralysed by an air elemental for 1 turns
 35897 | Elf:1    | Noticed Frances
 35902 | Elf:1    | Killed Frances
 36160 | Elf:1    | Paralysed by an air elemental for 1 turns
 36912 | Elf:2    | Noticed a deep elf blademaster
 36917 | Elf:2    | Killed a deep elf blademaster
 36955 | Elf:2    | Noticed a deep elf blademaster
 36964 | Elf:2    | Killed a deep elf blademaster
 36978 | Elf:2    | Reached XP level 19. HP: 130/148 MP: 17/36
 37533 | Elf:2    | Found a runed translucent gate.
 37533 | Elf:2    | Found a runed translucent gate.
 37534 | Elf:2    | Found a runed translucent gate.
 38102 | Elf:2    | Offered knowledge of Fire Storm by Vehumet.
 38102 | Elf:2    | Offered knowledge of Chain Lightning by Vehumet.
 38102 | Elf:2    | Offered knowledge of Ignition by Vehumet.
 39037 | Elf:3    | Entered Level 3 of the Elven Halls
 39334 | Elf:3    | Identified the +0 chain mail of Bedeus Hec {rElec rCorr
                  | Str+5 Slay-2}
 40122 | Elf:3    | Identified the ring "Fogiuniq" {rPois Str-2 Int+3 Dex+6}
 40509 | Elf:3    | Identified the +9 trident of the Last Princes {venom, Fly
                  | Str+3}
 40863 | Elf:3    | Identified the amulet "Waef Iku" {Reflect rC+ SH+5}
 41262 | Abyss:2  | Cast into level 2 of the Abyss (a deep elf demonologist)
 41277 | Elf:3    | Escaped the Abyss
 41316 | Elf:3    | Found the +0 mask of the Dragon {Will+ Slay+3 SInv}
 41361 | Elf:3    | Identified the staff of death "Mena" {rPois rN+ Str+2 Int+5
                  | Dex-4}
 41370 | Elf:3    | Identified the staff of poison "Lajeh" {rPois rCorr}
 41392 | Elf:3    | Got the Guide on Mutagenic Execration
 41409 | Elf:3    | Identified the staff of death "Douqoxkyo" {*Slow rN+ Int+9
                  | Dex+4}
 41412 | Elf:3    | Identified the staff of fire "Yggyskudd" {rPois rF+ Int+4
                  | Stlth+}
 41707 | D:13     | Bought a condenser vane for 600 gold pieces
 42128 | Spider:1 | Killed Asterion
 42129 | Spider:1 | Reached XP level 20. HP: 117/154 MP: 34/38
 42245 | Spider:1 | Learned a level 8 spell: Ignition
 42974 | Spider:1 | Reached skill level 15 in Invocations
 43051 | Spider:1 | Identified the +8 dire flail of Deformation {elec, Str+3
                  | Dex+4 Stlth-}
 46023 | Spider:4 | Entered Level 4 of the Spider Nest
 46783 | Spider:4 | Acquired 934 gold pieces
 47036 | Spider:4 | Reached skill level 15 in Spellcasting
 47617 | Spider:4 | Reached skill level 15 in Dodging
 47895 | Spider:4 | Got a gossamer rune of Zot
 48565 | D:13     | Bought a box of beasts for 600 gold pieces
 48570 | D:13     | Bought a lightning rod (4/4) for 450 gold pieces
 48570 | D:13     | Bought a wand of iceblast (5) for 180 gold pieces
 48570 | D:13     | Bought a wand of flame (2) for 21 gold pieces
 48722 | Orc:2    | Bought a wand of iceblast (7) for 235 gold pieces
 48722 | Orc:2    | Bought a wand of flame (5) for 49 gold pieces
 48722 | Orc:2    | Bought a wand of flame (9) for 88 gold pieces
 48733 | Orc:2    | Bought a wand of flame (9) for 176 gold pieces
 48876 | Vaults:1 | Entered Level 1 of the Vaults
 49168 | Vaults:1 | Reached XP level 21. HP: 147/166 MP: 40/40
 49337 | Vaults:1 | Reached skill level 15 in Stealth
 49661 | Vaults:1 | Found a large runed translucent door.
 49661 | Vaults:1 | Found a large runed translucent door.
 49661 | Vaults:1 | Found a large runed translucent door.
 49661 | Vaults:1 | Found a large runed translucent door.
 49661 | Vaults:1 | Found a large runed translucent door.
 49661 | Vaults:1 | Found a large runed translucent door.
 49661 | Vaults:1 | Found a large runed translucent door.
 49661 | Vaults:1 | Found a large runed translucent door.
 49661 | Vaults:1 | Noticed KittyFluff's ghost (adept GrBe)
 49885 | Vaults:1 | Gained mutation: You are frail. (-10% HP) [a shining eye]
 49961 | Vaults:1 | Identified the ring "Qaor" {rF++ Will+ EV+5 Dex-2}
 50444 | Vaults:1 | Killed KittyFluff's ghost
 50619 | Vaults:2 | Noticed Frederick
 50633 | Vaults:2 | Killed Frederick
 52365 | Vaults:2 | Identified the +2 sling of Radicalism {antimagic, rCorr
                  | Str+3 Int+3 Stlth+}
 52705 | Vaults:2 | Reached skill level 15 in Fighting
 52705 | Vaults:2 | Reached skill level 15 in Short Blades
 52705 | Vaults:2 | Reached skill level 15 in Long Blades
 52705 | Vaults:2 | Reached skill level 15 in Axes
 52705 | Vaults:2 | Reached skill level 15 in Maces & Flails
 52705 | Vaults:2 | Reached skill level 15 in Polearms
 52705 | Vaults:2 | Reached skill level 15 in Staves
 52705 | Vaults:2 | Reached skill level 15 in Ranged Weapons
 52705 | Vaults:2 | Reached skill level 15 in Throwing
 52705 | Vaults:2 | Reached skill level 15 in Armour
 52705 | Vaults:2 | Reached skill level 15 in Shields
 52705 | Vaults:2 | Reached skill level 15 in Unarmed Combat
 52705 | Vaults:2 | Reached skill level 15 in Evocations
 52825 | Vaults:2 | Found a staircase to the Crypt.
 53792 | Vaults:3 | Reached XP level 22. HP: 157/157 MP: 17/41
 54013 | Vaults:3 | Lost mutation: You are frail. (-10% HP) [potion of
                  | mutation]
 54013 | Vaults:3 | Gained mutation: You are dopey. (Int -2) [potion of
                  | mutation]
 54013 | Vaults:3 | Gained mutation: You have sharp fingernails. [potion of
                  | mutation]
 54013 | Vaults:3 | Gained mutation: You do not regenerate when monsters are
                  | visible. [potion of mutation]
 54055 | Vaults:3 | Noticed mantisjm's ghost (veteran HOFi)
 54056 | Vaults:3 | Noticed an ancient lich
 54077 | Vaults:3 | Found a transporter.
 54081 | Vaults:3 | Noticed Ugguttuj's ghost (veteran DrWn)
 54083 | Vaults:3 | Found a transporter.
 54533 | Vaults:3 | Identified the +4 sling "Ywkyil" {flame, rN+}
 54575 | Vaults:3 | Lost mutation: You have sharp fingernails. [potion of
                  | mutation]
 54575 | Vaults:3 | Lost mutation: You do not regenerate when monsters are
                  | visible. [potion of mutation]
 54575 | Vaults:3 | Lost mutation: You are dopey. (Int -2) [potion of mutation]
 54575 | Vaults:3 | Gained mutation: You are partially covered in iridescent
                  | scales. (AC +2) [potion of mutation]
 54575 | Vaults:3 | Gained mutation: You are strong-willed. (Will+) [potion of
                  | mutation]
 55716 | Vaults:3 | HP: 12/176 [vault warden/+0 heavy great mace (32)]
 55718 | Vaults:3 | jfcaron: !watch .
 55718 | Vaults:3 | beem: https://cbro.berotato.org:8443/#watch-jfcaron
 55733 | Vaults:3 | HP: 29/171 [ancient lich (7)]
 55738 | Vaults:3 | Killed an ancient lich
 57970 | Vaults:3 | HP: 21/177 [mantisjm's ghost (22)]
 57975 | Vaults:3 | HP: 14/177 [mantisjm's ghost (20)]
 57978 | Vaults:3 | Killed mantisjm's ghost
 58317 | Vaults:3 | Killed Ugguttuj's ghost
 58454 | Vaults:3 | Reached XP level 23. HP: 151/183 MP: 43/43
 58562 | Vaults:4 | jfcaron: ??order
 58562 | Vaults:4 | beem: hyperelliptic[1/2]: D:11 -> Lair -> D:12 -> Orc ->
                  | D:15 -> S:3 -> maybe other S:3 -> get both S runes -> maybe
                  | Elf (but not the Elf:3 vault) -> Vaults:4 -> maybe Crypt ->
                  | Depths:4 -> Vaults:5 -> maybe Slime -> Zot ("S" means
                  | Shoals/Snake/Spider/Swamp)
 59077 | Crypt:1  | Entered Level 1 of the Crypt
 60498 | Crypt:1  | Got Kikubaaqudgha's Essays on Necromantic Rituals
 60889 | Crypt:2  | Identified the +3 rapier "Demonbane" {heavy, rElec rF+
                  | Int-2 SInv}
 61882 | Crypt:3  | Entered Level 3 of the Crypt
 62282 | Crypt:3  | Found a staircase to the Tomb.
 63055 | Crypt:2  | Found a basalt altar of Yredelemnul.
 63106 | Crypt:3  | Found the dreamshard necklace {*Dream Drain}
 63373 | Crypt:3  | Noticed a dread lich
 63373 | Crypt:3  | Noticed an ancient lich
 63378 | Crypt:3  | Killed a dread lich
 63385 | Crypt:3  | Killed an ancient lich
 63464 | Crypt:3  | Noticed a curse toe
 63469 | Crypt:3  | Killed a curse toe
 63579 | Crypt:3  | Noticed a dread lich
 63693 | Crypt:3  | Killed a dread lich
 63713 | Crypt:3  | Identified the ring of the Avant Garde God {*Slow rElec
                  | Int+6 Stlth+}
 63714 | Crypt:3  | Identified the +0 buckler of Nangoidd {-Tele Str+4}
 64320 | Depths:1 | Entered Level 1 of the Depths
 64413 | Depths:1 | Found a one-way gate leading to the halls of Pandemonium.
 65081 | Depths:1 | Found the +3 crown of Dyrovepreva {rElec Int+2 SInv}
 65419 | Depths:1 | Reached XP level 24. HP: 181/183 MP: 44/44
 65495 | Depths:1 | Reached skill level 15 in Fire Magic
 65496 | Depths:1 | Found Muapeupt's Magic Scroll Boutique.
 65497 | Depths:1 | Found Afuciargh's Weapon Shop.
 65497 | Depths:1 | Found Fuiham's Antique Weapon Boutique.
 65719 | Depths:1 | Bought a scroll of blinking for 75 gold pieces
 65719 | Depths:1 | Bought a scroll of blinking for 75 gold pieces
 65719 | Depths:1 | Found Jecsueck's General Store.
 66163 | Depths:1 | Found a gateway to Hell.
 66453 | Depths:2 | Identified the ring of Ferapnuy {Ice Will+}
 66453 | Depths:2 | Noticed Josephina
 66672 | Depths:2 | Killed Josephina
 66848 | Depths:2 | Found a one-way gateway to a ziggurat.
 66941 | Depths:2 | You fall into a shaft and drop 1 floor!
 66942 | Depths:3 | Found a blossoming altar of Fedhas.
 68861 | Depths:3 | Found the +4 skin of Zhor {*Englaciate rC+++ SInv}
 68868 | Depths:3 | Identified the +5 leather armour of Liberty {rF+ Dex+5}
 69113 | Depths:3 | jfcaron: ??wyrmbane
 69113 | Depths:3 | beem: wyrmbane[1/3]: (polearms; +4 acc / 8 dam / 1.1 base
                  | delay / 0.5 min delay) A scale-covered lance +8 Wyrmbane
                  | {slay drac, rPois rF+ rC+ AC+3}. Gains +1 enchantment every
                  | time it lands the finishing blow against a {slay drac}
                  | affected monster (up to the lower of +18 or the dragon's
                  | HD).
 69113 | Depths:3 | jfcaron: ??wyrmbane[2
 69113 | Depths:3 | beem: wyrmbane[2/3]: List of dragons and draconians by HD:
                  | http://git.io/AjgWEQ
 69113 | Depths:3 | jfcaron: ??wyrmbane[3
 69113 | Depths:3 | beem: wyrmbane[3/3]: Dragon zombies and skeletons have the
                  | same HD as the normal ones, making Crypts a potentially
                  | non-intuitive, but lucrative place, to gain enchantments.
 69424 | Depths:3 | Found a glowing silver altar of Zin.
 69533 | Depths:3 | Noticed Grunn
 69536 | Depths:3 | Killed Grunn
 69958 | Depths:3 | Identified the +1 chain mail of the Gardener {rElec Will+}
 70309 | Depths:3 | Found a one-way gate to the infinite horrors of the Abyss.
 70477 | Depths:1 | Bought a manual of Shields for 1520 gold pieces
 70595 | Depths:4 | Entered Level 4 of the Depths
 71348 | Depths:4 | Reached XP level 25. HP: 198/201 MP: 4/44
 71620 | Depths:4 | Noticed a juggernaut
 71894 | Depths:4 | Killed a juggernaut
 72442 | Depths:4 | Found a bloodstained altar of Trog.
 72965 | Depths:4 | Found a gate to the Realm of Zot.
 73506 | Slime:1  | Entered Level 1 of the Pits of Slime
 73860 | Slime:3  | Gained mutation: Armour fits poorly on your strangely
                  | shaped body. [a shining eye]
 74150 | Slime:5  | Entered Level 5 of the Pits of Slime
 74154 | Slime:5  | Reached skill level 15 in Conjurations
 74171 | Slime:5  | Noticed the Royal Jelly
 74291 | Slime:5  | Killed the Royal Jelly
 74900 | Slime:5  | Got Wumm's Catalogue of the Generative Fairies
 74912 | Slime:5  | Identified the ring of Usekkomn {rCorr Dex+4 SInv}
 74923 | Slime:5  | Got a slimy rune of Zot
 74934 | Slime:5  | Identified the staff of fire "Ulusivou" {rF+ Will++}
 74948 | Slime:5  | Got Erchimib's Almanac of the Oath
 74950 | Slime:5  | Got the Folio of Illusion
 74958 | Slime:5  | Identified the ring of Dalusiss {rCorr AC+4 Str+2 Dex+3}
 74981 | Slime:5  | Identified the +0 steam dragon scales "Plog" {-Cast rC++
                  | Str+6}
 74990 | Slime:5  | Identified the ring "Tiumups" {Ice Drain rPois rN++ SInv}
 75012 | Slime:5  | Identified the +3 falchion "Tuagheva" {elec, Fly rPois
                  | Dex+3}
 76279 | Vaults:5 | Entered Level 5 of the Vaults
 76283 | Vaults:5 | Reached skill level 15 in Hexes
 76283 | Vaults:5 | Reached skill level 15 in Summonings
 76283 | Vaults:5 | Reached skill level 15 in Necromancy
 76283 | Vaults:5 | Reached skill level 15 in Translocations
 76283 | Vaults:5 | Reached skill level 15 in Transmutations
 76283 | Vaults:5 | Reached skill level 15 in Ice Magic
 76283 | Vaults:5 | Reached skill level 15 in Air Magic
 76283 | Vaults:5 | Reached skill level 15 in Earth Magic
 76283 | Vaults:5 | Reached skill level 15 in Poison Magic
 76311 | Vaults:5 | Reached XP level 26. HP: 144/211 MP: 45/45
 76332 | Vaults:5 | Noticed a dread lich
 76341 | Vaults:5 | Killed a dread lich
 76675 | Vaults:5 | Identified the +1 sling of Valuable Assets {flame, rF+ rN+
                  | Str+3}
 77878 | Depths:1 | Bought the +8 lance "Wyrmbane" {slay drac, rPois rF+ rC+
                  | AC+3} for 1535 gold pieces
 77878 | Depths:1 | Found the +8 lance "Wyrmbane" {slay drac, rPois rF+ rC+
                  | AC+3}
 78648 | Vaults:5 | Noticed Margery
 78659 | Vaults:5 | Killed Margery
 79286 | Vaults:5 | Got a silver rune of Zot
 79288 | Vaults:5 | Identified the +4 hand axe of Extinguishment {flame, rF-
                  | Int+8}
 79730 | Depths:1 | Bought a glimmering dagger for 280 gold pieces
 79730 | Depths:1 | Identified the +10 dagger of the King {heavy, SInv} (You
                  | bought it in a shop on level 1 of the Depths)
 79856 | Zot:1    | Entered Level 1 of the Realm of Zot
 80500 | Zot:5    | Entered Level 5 of the Realm of Zot
 81304 | Zot:4    | Found a transporter.
 81304 | Zot:4    | Noticed an orb of fire
 81306 | Zot:4    | Noticed Udocaklomo's ghost (legendary SpHu)
 81329 | Zot:4    | Reached XP level 27. HP: 199/219 MP: 38/46
 81465 | Zot:4    | Found a transporter.
 83743 | Zot:3    | Noticed an orb of fire
 83752 | Zot:3    | Killed an orb of fire
 85098 | Zot:2    | Found a runed translucent gate.
 85126 | Zot:2    | Found a runed translucent gate.
 85127 | Zot:2    | Found a runed translucent gate.
 85127 | Zot:2    | Noticed Hicanoach's ghost (master DsGl)
 85437 | Zot:2    | Identified the +3 buckler "Earthly Heaven" {Harm rElec rN+}
 86113 | Zot:1    | Found a transporter.
 86117 | Zot:1    | Found a transporter.
 86117 | Zot:1    | Noticed hawkwood's ghost (veteran MiAr)
 87788 | Zot:5    | Noticed an orb of fire
 87793 | Zot:5    | Killed an orb of fire
 88035 | Zot:5    | Noticed an orb of fire
 88047 | Zot:5    | Killed an orb of fire
 88169 | Zot:5    | Noticed an ancient lich
 88172 | Zot:5    | Killed an ancient lich
 89029 | Zot:5    | Gained mutation: Your body sometimes deteriorates upon
                  | taking damage. [mutagenic glow]
 89043 | Zot:5    | Gained mutation: Your body often deteriorates upon taking
                  | damage. [mutagenic glow]
 89268 | Zot:5    | Noticed an orb of fire
 89436 | Zot:5    | Gained mutation: You are mostly covered in iridescent
                  | scales. (AC +4) [an orb of fire]
 89439 | Zot:5    | Gained mutation: You do not regenerate when monsters are
                  | visible. [an orb of fire]
 89440 | Zot:5    | Killed an orb of fire
 89686 | Zot:5    | Lost mutation: You do not regenerate when monsters are
                  | visible. [potion of mutation]
 89686 | Zot:5    | Lost mutation: You are strong-willed. (Will+) [potion of
                  | mutation]
 89686 | Zot:5    | Gained mutation: You have sharp toenails. [potion of
                  | mutation]
 89686 | Zot:5    | Gained mutation: Your flesh is cold resistant. (rC+)
                  | [potion of mutation]
 89686 | Zot:5    | Gained mutation: Your flesh is very cold resistant. (rC++)
                  | [potion of mutation]
 90204 | Vaults:5 | Learned a level 9 spell: Fire Storm
 90924 | Zot:5    | Learned a level 8 spell: Necromutation
 91088 | Zot:5    | Noticed an ancient lich
 91092 | Zot:5    | Noticed an orb of fire
 91093 | Zot:5    | Noticed an orb of fire
 91101 | Zot:5    | Noticed an orb of fire
 91105 | Zot:5    | Killed an orb of fire
 91106 | Zot:5    | Killed an ancient lich
 91107 | Zot:5    | Killed an orb of fire
 91109 | Zot:5    | Gained mutation: You are frail. (-10% HP) [an orb of fire]
 91113 | Zot:5    | Killed an orb of fire
 91763 | Zot:5    | Noticed an ancient lich
 91769 | Zot:5    | Killed an ancient lich
 92213 | Zot:5    | Got the Orb of Zot
 92881 | D:$      | Escaped with the Orb!

Illustrated notes

Levels and vault maps discovered:
D:1:      dpeg_arrival_lava_temple_mockup, layout_basic
D:2:      layout_rooms, chequers_serial_rivers_micro_d, uniq_natasha,
          uniq_sigmund
D:3:      layout_loops_cross, hellmonk_ecumenical_altar_pennies_from_heaven,
          nicolae_shop_unique_rings
D:4:      layout_basic
D:5:      layout_rooms, corexii_hall_statues_s
D:6:      layout_basic, gammafunk_temple_overflow_pools,
          minmay_temple_entry_drinking_statues
D:7:      layout_basic, kennysheep_generic_room_11, uniq_crazy_yiuf_cottage,
          uniq_pikel
D:8:      minmay_imperfect_grid, layout_basic, serial_rivers,
          chequers_serial_rivers_marsh, chequers_serial_rivers_micro_e,
          chequers_serial_rivers_small_a, chequers_serial_rivers_small_b,
          chequers_serial_rivers_room_b, chequers_decorated_corner,
          nicolae_zen_rock_garden, kennysheep_windowed_goal
D:9:      layout_basic, uniq_harold
D:10:     layout_long_grid
D:11:     layout_loops_corners, erik_orc_4
D:12:     layout_big_octagon
D:13:     lemuel_vampire_tower, layout_loops_ring, david_vaults_2, serial_shops,
          shop, nicolae_shop_gadgets
D:14:     layout_rooms, serial_shops, shop, corexii_hall_statues_s,
          kennysheep_minor_cross
D:15:     gammafunk_enter_depths_forms, layout_gridville, serial_shops, shop,
          hangedman_abyss_or_decor_stagger, cheibrodos_ashenzari_chains
Temple:   mainiacjoe_temple_big_plus
Lair:1:   layout_cave_pods, bh_autumn_forest_stairs, st_stairs_3,
          beast_lair_carwin_4
Lair:2:   layout_roguey, skrybe_swamp_entry_bodies
Lair:3:   layout_chaotic_city, nicolae_spider_entry_lesser_pyramids,
          chequers_serial_rivers_micro_c, infiniplex_staircase_pool_2,
          grunt_megastairs_3
Lair:4:   layout_small_grid, special_room [special_room_mythical_zoo],
          infiniplex_staircase_pool
Lair:5:   hangedman_lair_tendril_chambers, layout_regular_city,
          guppyfry_lair_end_dragon, slime_entry_1
Swamp:1:  layout_basic_swamp, nicolae_swamp_dense_foliage, swamp_pool1,
          ldierk_geyser, nicolae_swamp_some_circles
Swamp:2:  layout_falls_marsh, serial_swamp_ruin, evilmike_swamp_ruin_house_4,
          evilmike_swamp_ruin_house_3, swamp_pool2, grunt_witch_cave
Swamp:3:  layout_basic_swamp, hangedman_swamp_ruin_wall
Swamp:4:  swamp_fiery, layout_basic_swamp, swamp_pool1, uniq_mara
Spider:1: layout_spider_delve, uniq_asterion
Spider:2: layout_spider_delve
Spider:3: layout_chambers, nicolae_spider_moth_buddies
Spider:4: hellmonk_spider_rune_endless_swarm, drop_trap
Slime:1:  nicolae_slime_infinislime, layout_caves
Slime:2:  cheibrodos_slime_lost_civilization_9, layout_caves
Slime:3:  layout_caves
Slime:4:  layout_caves, uniq_dissolution
Slime:5
Orc:1:    layout_diamond_mine, uniq_erica
Orc:2:    st_orc_open, layout_diamond_mine
Elf:1:    nicolae_elf_arrival_aired_out, layout_loops_corners,
          evilmike_minifort, uniq_frances
Elf:2:    nicolae_elf_blades_splatter_lattice [mumra_blade_entry_bloodbath],
          layout_rooms, nicolae_elf_martial_mastery
Elf:3:    minmay_elf_hall_four_x, layout_geoelf_diagonals
Vaults:1: advil_vaults_ghost_lines, nicolae_vaults_little_squares_6,
          dpeg_vaults_monster_box, nicolae_vaults_house_3, vaults_room_pool,
          nicolae_vaults_closet_pinwheel_2, vaults_room_door_hall,
          nicolae_vaults_network_barrier, nicolae_vaults_sesquioval_fish,
          nicolae_vaults_tetromino_T_1, v_misc_5,
          nicolae_vaults_antechamber_and_loot_room, layout_vaults_omnigrid
Vaults:2: hangedman_vaults_capsules, minmay_crypt_entry_skeletal_spiral,
          nicolae_vaults_little_ls, nicolae_vaults_trapezoid_lopsided_1,
          nicolae_vaults_closet_pinwheel_5, nicolae_vaults_weapon_check,
          grunt_vaults_bifocal, nicolae_vaults_doubleplus_tesselated,
          ontoclasm_vaults_gateway, ontoclasm_vaults_pinch,
          layout_vaults_chaotic_city, uniq_frederick
Vaults:3: nzn_ghost_randoct, st_more_cells, nicolae_vaults_gold_heap,
          ontoclasm_vaults_claustrophobia, ontoclasm_vaults_shuriken,
          grunt_vaults_trifunnel, nicolae_vaults_cornered_office,
          nicolae_vaults_trapezoid_2, nicolae_vaults_little_squares_5,
          nicolae_vaults_alarming, layout_vaults_omnicross
Vaults:4: nicolae_vaults_circle_grid_a, nicolae_vaults_network_periphery,
          v_misc_28, hangedman_vaults_slice, nicolae_vaults_tetromino_Z_1,
          nicolae_vaults_sightless_eye, hangedman_vaults_locks,
          nicolae_vaults_closet_pinwheel_3, vaults_dpeg_hooks,
          vaults_room_door_ring, v_misc_22, nicolae_vaults_circle_grid_b,
          vaults_room_ringed_pool, nicolae_vaults_trapezoid_1,
          nicolae_vaults_storage_room_water, layout_vaults_maze_snakey
Vaults:5: uniq_margery
Crypt:1:  layout_gridlike, special_room [special_room_morgue],
          grunt_crypt_arrival_split
Crypt:2:  layout_misc_corridors, st_stairs_12, nicolae_crypt_small_crypt,
          lemuel_upstairs_altar
Crypt:3:  david_glass_crypt, layout_misc_corridors, tomb_entry_sphere_bobbens
Depths:1: layout_basic, rand_demon_pan_entry_1, grunt_hell_entry_dis_grunt,
          kennysheep_nondescript, minmay_guarded_unrand_dyrovepreva,
          minmay_shoptagon
Depths:2: minmay_slanted_spiral_squares, layout_gridlike, enter_ziggurat_a,
          pan_entry, hell_entry, nicolae_titane, firewood_loft, uniq_josephina
Depths:3: kennysheep_demon_jail, layout_gridlike, fedhas_altar_1,
          lightli_too_deep, abyss_entry, zin_statuary,
          minmay_staircase_statues_hall_small, uniq_grunn
Depths:4: grunt_zot_entry_gee_three, layout_cave_pools,
          trog_three_pillars_becter, hell_entry, rand_demon_pan_entry_8
Zot:1:    layout_cathedral_of_symmetry, gammafunk_ghost_arena
Zot:2:    layout_concentric_octagons, gammafunk_ghost_split
Zot:3:    grunt_zot_stairs_mandelzot, layout_twisted_circle,
          grunt_ministairs_11, zot_minivault_1
Zot:4:    layout_gridlike, gammafunk_ghost_arena, grunt_megastairs_4
Zot:5:    layout_cellular_growth, grunt_ministairs_6, st_stairs_8,
          lemuel_baited_zot_trap

Skill      XL: |  1  2  3  4  5  6  7  8  9 10 11 12 13 14 15 16 17 18 19 20 21 22 23 24 25 26 27 |
---------------+----------------------------------------------------------------------------------+-----
Conjurations   | 2 3 4 5 6 7 8 9 10 11 12 13 14 15 17 | 17.1
Spellcasting   | 5 6 7 8 9 10 11 12 13 14 15 16 17 18 19 20 | 20.4
Invocations    | 2 3 4 5 6 7 9 10 11 12 13 14 15 16 17 18 19 20 21 | 21.4
Fighting       | 1 2 3 5 6 7 8 9 10 11 12 13 14 15 16 17 18 19 | 19.9
Short Blades   | 1 2 3 5 6 7 8 9 10 11 12 13 14 15 16 17 18 19 | 19.9
Long Blades    | 1 2 3 5 6 7 8 9 10 11 12 13 14 15 16 17 18 19 22 | 22.3
Axes           | 1 2 3 5 6 7 8 9 10 11 12 13 14 15 16 17 18 19 | 19.9
Maces & Flails | 1 2 3 5 6 7 8 9 10 11 12 13 14 15 16 17 18 19 | 19.9
Polearms       | 1 2 3 5 6 7 8 9 10 11 12 13 14 15 16 17 18 19 | 19.9
Staves         | 1 2 3 5 6 7 8 9 10 11 12 13 14 15 16 17 18 19 | 19.9
Ranged Weapons | 1 2 3 5 6 7 8 9 10 11 12 13 14 15 16 17 18 19 21 | 21.8
Throwing       | 1 2 3 5 6 7 8 9 10 11 12 13 14 15 16 17 18 19 | 19.9
Armour         | 1 2 3 5 6 7 8 9 10 11 12 13 14 15 16 17 18 19 | 19.9
Shields        | 1 2 3 5 6 7 8 9 10 11 12 13 14 15 16 17 18 19 22 | 22.2
Unarmed Combat | 1 2 3 5 6 7 8 9 10 11 12 13 14 15 16 17 18 19 21 | 21.8
Hexes          | 1 2 3 4 5 6 7 8 9 10 11 12 13 14 15 17 | 17.0
Summonings     | 1 2 3 4 5 6 7 8 9 10 11 12 13 14 15 17 | 17.0
Necromancy     | 1 2 3 4 5 6 7 8 9 10 11 12 13 14 15 17 | 17.0
Translocations | 1 2 3 4 5 6 7 8 9 10 11 12 13 14 15 17 | 17.0
Transmutations | 1 2 3 4 5 6 7 8 9 10 11 12 13 14 15 17 | 17.0
Ice Magic      | 1 2 3 4 5 6 7 8 9 10 11 12 13 14 15 17 | 17.0
Air Magic      | 1 2 3 4 5 6 7 8 9 10 11 12 13 14 15 17 | 17.0
Earth Magic    | 1 2 3 4 5 6 7 8 9 10 11 12 13 14 15 17 | 17.0
Poison Magic   | 1 2 3 4 5 6 7 8 9 10 11 12 13 14 15 17 | 17.0
Evocations     | 1 2 3 5 6 7 8 9 10 11 12 13 14 15 16 17 18 19 | 19.9
Dodging        | 5 6 7 8 9 10 11 12 13 14 15 16 17 18 19 20 | 20.3
Stealth        | 5 6 7 8 9 10 11 12 13 14 15 16 17 18 20 | 20.2
Fire Magic     | 6 7 8 9 10 11 12 13 14 15 16 17 | 17.7

Action                     |  1- 3 |  4- 6 |  7- 9 | 10-12 | 13-15 | 16-18 | 19-21 | 22-24 | 25-27 || total
---------------------------+-------+-------+-------+-------+-------+-------+-------+-------+-------++-------
  Melee: Unarmed           |    11 |     1 |       |       |       |       |       |       |       ||    12
         Bite              |     2 |     2 |     3 |    13 |    24 |    34 |    74 |    72 |    85 ||   309
         Short sword       |       |     5 |       |       |       |       |       |       |       ||     5
         Dagger            |       |     3 |    44 |     1 |     1 |     4 |       |       |     3 ||    56
         Punch             |       |       |     1 |     1 |    12 |    12 |       |       |       ||    26
         Whip              |       |       |     7 |       |       |       |       |       |       ||     7
         Staff             |       |       |       |    73 |   167 |   273 |   370 |   278 |   147 ||  1308
         Rapier            |       |       |       |       |       |     7 |    17 |    57 |       ||    81
         Lance             |       |       |       |       |       |       |       |       |   392 ||   392
  Throw: Dart              |       |     2 |     8 |    10 |     5 |     7 |     9 |       |     1 ||    42
         Javelin           |       |       |       |       |       |     4 |    22 |     9 |    60 ||    95
         Throwing net      |       |       |       |       |       |       |     7 |       |     4 ||    11
   Cast: Foxfire           |    54 |    59 |   167 |   174 |   203 |    90 |       |       |       ||   747
         Scorch            |       |     7 |    28 |    48 |    12 |     4 |       |       |       ||    99
         Confusing Touch   |       |     1 |       |       |       |       |       |       |       ||     1
         Volatile Blastmot |       |       |    14 |     5 |       |       |       |       |       ||    19
         Flame Wave        |       |       |     8 |     7 |     3 |     5 |     2 |       |       ||    25
         Freezing Cloud    |       |       |       |    44 |   112 |   174 |    89 |    16 |    35 ||   470
         Plasma Beam       |       |       |       |     1 |    23 |    63 |    49 |    74 |    49 ||   259
         Arcjolt           |       |       |       |       |    34 |    73 |    76 |    25 |    13 ||   221
         Orb of Destructio |       |       |       |       |     8 |       |    21 |     5 |    43 ||    77
         Dispel Undead     |       |       |       |       |       |    47 |    19 |    69 |    24 ||   159
         Iron Shot         |       |       |       |       |       |    77 |   133 |   230 |   508 ||   948
         Blink             |       |       |       |       |       |     4 |     1 |       |     1 ||     6
         Ignition          |       |       |       |       |       |       |    72 |    96 |   100 ||   268
         Fire Storm        |       |       |       |       |       |       |       |       |     2 ||     2
  Evoke: Wand              |       |       |       |     1 |     6 |    29 |   110 |    18 |     9 ||   173
         Phantom mirror    |       |       |       |       |       |     1 |     2 |     1 |     1 ||     5
         Condenser vane    |       |       |       |       |       |       |     1 |     1 |     2 ||     4
         Lightning rod     |       |       |       |       |       |       |       |    12 |    10 ||    22
         Box of beasts     |       |       |       |       |       |       |       |     2 |       ||     2
    Use: Scroll            |       |     9 |     8 |     4 |    11 |     3 |     3 |     2 |    20 ||    60
         Potion            |       |       |       |     4 |     3 |     2 |     3 |    10 |    15 ||    37
   Stab: Sleeping          |       |       |     1 |     3 |     2 |    12 |    10 |    24 |     3 ||    55
         Distracted        |       |       |     1 |       |       |       |     6 |     2 |       ||     9
         Held in net/web   |       |       |       |       |       |       |       |       |     1 ||     1
 Armour: Robe              |     4 |     3 |    37 |    40 |    35 |   164 |   142 |   112 |     6 ||   543
         Animal skin       |       |       |       |       |       |       |       |    19 |   150 ||   169
  Dodge: Dodged            |    23 |    10 |    61 |   113 |   141 |   262 |   305 |   220 |   313 ||  1448
  Block: Tower shield      |       |       |       |       |       |   276 |    78 |       |       ||   354
         Reflection        |       |       |       |       |       |    12 |    41 |     9 |    29 ||    91
         Buckler           |       |       |       |       |       |       |   264 |   237 |    23 ||   524
         Kite shield       |       |       |       |       |       |       |       |       |   435 ||   435
         Other             |       |       |       |       |       |       |       |       |     1 ||     1

Table legend: (Time is in decaauts)
 A = Elapsed time spent in this place.
 B = Non-inter-level travel time spent in this place.
 C = Inter-level travel time spent in this place.
 D = Time resting spent in this place.
 E = Time spent auto-exploring this place.
 F = Levels seen in this place.
 G = Mean time per level.
                   A        B        C        D        E       F      G
               +--------+--------+--------+--------+--------+-----+--------+
         Total |  92583 |  80567 |  12016 |  27882 |  39596 |  57 | 1624.3 |
       Dungeon |  19095 |  15610 |   3485 |   3666 |   9341 |  15 | 1273.0 |
        Temple |    439 |    390 |     49 |      0 |    383 |   1 |  439.0 |
          Lair |  10556 |   9311 |   1245 |   3916 |   4003 |   5 | 2111.2 |
         Swamp |   5934 |   5539 |    395 |   1929 |   2782 |   4 | 1483.5 |
   Spider Nest |   6376 |   5830 |    546 |   1841 |   3110 |   4 | 1594.0 |
    Slime Pits |   1789 |   1720 |     69 |   1275 |     22 |   5 |  357.8 |
  Orcish Mines |   2269 |   1358 |    911 |    201 |    823 |   2 | 1134.5 |
   Elven Halls |   6622 |   6134 |    488 |   2910 |   1842 |   3 | 2207.3 |
        Vaults |  13529 |  11554 |   1975 |   3393 |   6351 |   5 | 2705.8 |
         Crypt |   5036 |   4750 |    286 |   1761 |   2224 |   3 | 1678.7 |
        Depths |   9844 |   8315 |   1529 |   3471 |   3842 |   4 | 2461.0 |
           Zot |  11073 |  10039 |   1034 |   3516 |   4870 |   5 | 2214.6 |
         Abyss |     14 |     14 |      0 |      0 |      0 |   1 |   14.0 |
               +--------+--------+--------+--------+--------+-----+--------+

Top non-repeatable levels by time:
Vaults:3: 3732 daAuts
Depths:1: 3071 daAuts
Vaults:2: 3020 daAuts
   Zot:5: 2923 daAuts
  Lair:5: 2852 daAuts
   Zot:3: 2571 daAuts
Vaults:4: 2565 daAuts
Depths:3: 2536 daAuts
     D:8: 2477 daAuts
   Elf:2: 2436 daAuts
   Zot:4: 2339 daAuts
   Elf:3: 2316 daAuts
Vaults:5: 2237 daAuts
Depths:4: 2237 daAuts
    D:13: 2192 daAuts

Table legend:
 A = Kills in this place as a percentage of kills in the entire game.
 B = Kills by you in this place as a percentage of kills by you in the entire game.
 C = Kills by friends in this place as a percentage of kills by friends in the entire game.
 D = Other kills in this place as a percentage of other kills in the entire game.
 E = Experience gained in this place as a percentage of experience gained in the entire game.
 F = Experience gained in this place divided by the number of levels of this place that you have seen.
                   A       B       C       D       E      F
               +-------+-------+-------+-------+-------+----------------------
         Total | 100.0 | 100.0 | 100.0 | 100.0 | 100.0 | 27107.7
       Dungeon |  17.8 |  17.8 |   0.0 |  20.0 |   5.6 | 5760.2
          Lair |   9.5 |   9.5 |   0.0 |   0.0 |   4.3 | 13303.0
         Swamp |   5.6 |   5.6 |   0.0 |  20.0 |   4.8 | 18570.0
   Spider Nest |   8.7 |   8.7 |   0.0 |  40.0 |   5.6 | 21552.2
    Slime Pits |   2.9 |   2.9 |   0.0 |   0.0 |   3.6 | 11202.6
  Orcish Mines |   4.3 |   4.3 |   0.0 |   0.0 |   1.7 | 13439.5
   Elven Halls |   5.7 |   5.6 | 100.0 |   0.0 |   7.1 | 36429.3
        Vaults |  19.6 |  19.7 |   0.0 |   0.0 |  24.8 | 76484.8
         Crypt |   5.1 |   5.1 |   0.0 |   0.0 |   6.5 | 33394.7
        Depths |   9.8 |   9.8 |   0.0 |  20.0 |  13.2 | 51040.8
           Zot |  11.0 |  11.0 |   0.0 |   0.0 |  22.8 | 70556.0
               +-------+-------+-------+-------+-------+----------------------

Levels and vault maps discovered:
D:1:      dpeg_arrival_lava_temple_mockup, layout_basic
D:2:      layout_rooms, chequers_serial_rivers_micro_d, uniq_natasha,
          uniq_sigmund
D:3:      layout_loops_cross, hellmonk_ecumenical_altar_pennies_from_heaven,
          nicolae_shop_unique_rings
D:4:      layout_basic
D:5:      layout_rooms, corexii_hall_statues_s
D:6:      layout_basic, gammafunk_temple_overflow_pools,
          minmay_temple_entry_drinking_statues
D:7:      layout_basic, kennysheep_generic_room_11, uniq_crazy_yiuf_cottage,
          uniq_pikel
D:8:      minmay_imperfect_grid, layout_basic, serial_rivers,
          chequers_serial_rivers_marsh, chequers_serial_rivers_micro_e,
          chequers_serial_rivers_small_a, chequers_serial_rivers_small_b,
          chequers_serial_rivers_room_b, chequers_decorated_corner,
          nicolae_zen_rock_garden, kennysheep_windowed_goal
D:9:      layout_basic, uniq_harold
D:10:     layout_long_grid
D:11:     layout_loops_corners, erik_orc_4
D:12:     layout_big_octagon
D:13:     lemuel_vampire_tower, layout_loops_ring, david_vaults_2, serial_shops,
          shop, nicolae_shop_gadgets
D:14:     layout_rooms, serial_shops, shop, corexii_hall_statues_s,
          kennysheep_minor_cross
D:15:     gammafunk_enter_depths_forms, layout_gridville, serial_shops, shop,
          hangedman_abyss_or_decor_stagger, cheibrodos_ashenzari_chains
Temple:   mainiacjoe_temple_big_plus
Lair:1:   layout_cave_pods, bh_autumn_forest_stairs, st_stairs_3,
          beast_lair_carwin_4
Lair:2:   layout_roguey, skrybe_swamp_entry_bodies
Lair:3:   layout_chaotic_city, nicolae_spider_entry_lesser_pyramids,
          chequers_serial_rivers_micro_c, infiniplex_staircase_pool_2,
          grunt_megastairs_3
Lair:4:   layout_small_grid, special_room [special_room_mythical_zoo],
          infiniplex_staircase_pool
Lair:5:   hangedman_lair_tendril_chambers, layout_regular_city,
          guppyfry_lair_end_dragon, slime_entry_1
Swamp:1:  layout_basic_swamp, nicolae_swamp_dense_foliage, swamp_pool1,
          ldierk_geyser, nicolae_swamp_some_circles
Swamp:2:  layout_falls_marsh, serial_swamp_ruin, evilmike_swamp_ruin_house_4,
          evilmike_swamp_ruin_house_3, swamp_pool2, grunt_witch_cave
Swamp:3:  layout_basic_swamp, hangedman_swamp_ruin_wall
Swamp:4:  swamp_fiery, layout_basic_swamp, swamp_pool1, uniq_mara
Spider:1: layout_spider_delve, uniq_asterion
Spider:2: layout_spider_delve
Spider:3: layout_chambers, nicolae_spider_moth_buddies
Spider:4: hellmonk_spider_rune_endless_swarm, drop_trap
Slime:1:  nicolae_slime_infinislime, layout_caves
Slime:2:  cheibrodos_slime_lost_civilization_9, layout_caves
Slime:3:  layout_caves
Slime:4:  layout_caves, uniq_dissolution
Slime:5
Orc:1:    layout_diamond_mine, uniq_erica
Orc:2:    st_orc_open, layout_diamond_mine
Elf:1:    nicolae_elf_arrival_aired_out, layout_loops_corners,
          evilmike_minifort, uniq_frances
Elf:2:    nicolae_elf_blades_splatter_lattice [mumra_blade_entry_bloodbath],
          layout_rooms, nicolae_elf_martial_mastery
Elf:3:    minmay_elf_hall_four_x, layout_geoelf_diagonals
Vaults:1: advil_vaults_ghost_lines, nicolae_vaults_little_squares_6,
          dpeg_vaults_monster_box, nicolae_vaults_house_3, vaults_room_pool,
          nicolae_vaults_closet_pinwheel_2, vaults_room_door_hall,
          nicolae_vaults_network_barrier, nicolae_vaults_sesquioval_fish,
          nicolae_vaults_tetromino_T_1, v_misc_5,
          nicolae_vaults_antechamber_and_loot_room, layout_vaults_omnigrid
Vaults:2: hangedman_vaults_capsules, minmay_crypt_entry_skeletal_spiral,
          nicolae_vaults_little_ls, nicolae_vaults_trapezoid_lopsided_1,
          nicolae_vaults_closet_pinwheel_5, nicolae_vaults_weapon_check,
          grunt_vaults_bifocal, nicolae_vaults_doubleplus_tesselated,
          ontoclasm_vaults_gateway, ontoclasm_vaults_pinch,
          layout_vaults_chaotic_city, uniq_frederick
Vaults:3: nzn_ghost_randoct, st_more_cells, nicolae_vaults_gold_heap,
          ontoclasm_vaults_claustrophobia, ontoclasm_vaults_shuriken,
          grunt_vaults_trifunnel, nicolae_vaults_cornered_office,
          nicolae_vaults_trapezoid_2, nicolae_vaults_little_squares_5,
          nicolae_vaults_alarming, layout_vaults_omnicross
Vaults:4: nicolae_vaults_circle_grid_a, nicolae_vaults_network_periphery,
          v_misc_28, hangedman_vaults_slice, nicolae_vaults_tetromino_Z_1,
          nicolae_vaults_sightless_eye, hangedman_vaults_locks,
          nicolae_vaults_closet_pinwheel_3, vaults_dpeg_hooks,
          vaults_room_door_ring, v_misc_22, nicolae_vaults_circle_grid_b,
          vaults_room_ringed_pool, nicolae_vaults_trapezoid_1,
          nicolae_vaults_storage_room_water, layout_vaults_maze_snakey
Vaults:5: uniq_margery
Crypt:1:  layout_gridlike, special_room [special_room_morgue],
          grunt_crypt_arrival_split
Crypt:2:  layout_misc_corridors, st_stairs_12, nicolae_crypt_small_crypt,
          lemuel_upstairs_altar
Crypt:3:  david_glass_crypt, layout_misc_corridors, tomb_entry_sphere_bobbens
Depths:1: layout_basic, rand_demon_pan_entry_1, grunt_hell_entry_dis_grunt,
          kennysheep_nondescript, minmay_guarded_unrand_dyrovepreva,
          minmay_shoptagon
Depths:2: minmay_slanted_spiral_squares, layout_gridlike, enter_ziggurat_a,
          pan_entry, hell_entry, nicolae_titane, firewood_loft, uniq_josephina
Depths:3: kennysheep_demon_jail, layout_gridlike, fedhas_altar_1,
          lightli_too_deep, abyss_entry, zin_statuary,
          minmay_staircase_statues_hall_small, uniq_grunn
Depths:4: grunt_zot_entry_gee_three, layout_cave_pools,
          trog_three_pillars_becter, hell_entry, rand_demon_pan_entry_8
Zot:1:    layout_cathedral_of_symmetry, gammafunk_ghost_arena
Zot:2:    layout_concentric_octagons, gammafunk_ghost_split
Zot:3:    grunt_zot_stairs_mandelzot, layout_twisted_circle,
          grunt_ministairs_11, zot_minivault_1
Zot:4:    layout_gridlike, gammafunk_ghost_arena, grunt_megastairs_4
Zot:5:    layout_cellular_growth, grunt_ministairs_6, st_stairs_8,
          lemuel_baited_zot_trap
